 Dungeon Crawl Stone Soup version 0.30-b1-2-g02819fbbbe (webtiles) character file.

Game seed: 6595532760095413748

24033 jhant the Protected (level 12, -18/113 HPs)
             Began as a Minotaur Fighter on Sept 30, 2023.
             Was an Elder of Uskayaw.
             Demolished by a demonic crawler (20 damage)
             ... on level 1 of the Spider Nest.
             The game lasted 01:54:22 (19005 turns).

jhant the Protected (Minotaur Fighter)             Turns: 19005, Time: 01:54:23

Health: -18/113    AC: -6    Str: 24    XL:     12   Next: 77%
Magic:  11/11      EV: 10    Int:  5    God:    Uskayaw [****..]
Gold:   911        SH:  7    Dex: 10    Spells: 11/11 levels left

rFire   + . .        m - +9 hand axe of Zoky {holy, rElec rF+}
rCold   . . .        Z - +2 buckler
rNeg    . . .        x - +1 chain mail {Will+}
rPois   .            (helmet unavailable)
rElec   +            (no cloak)
rCorr   .            E - +0 pair of gloves
SInv    +            U - +0 pair of boots
Will    +....        (no amulet) Stlth
                     j - ring of see invisible
HPRegen 0.38/turn    o - +4 ring of slaying
MPRegen 0.12/turn

%: no passive effects
@: about to teleport, corroded
A: horns 3, retaliatory headbutt, weak 1
a: Renounce Religion, Stomp, Line Pass


You were on level 1 of the Spider Nest.
You worshipped Uskayaw.
Uskayaw was noncommittal.
You visited 4 branches of the dungeon, and saw 15 of its levels.

You collected 1098 gold pieces.
You spent 187 gold pieces at shops.

Inventory:

Hand Weapons
 m - the +9 hand axe of Zoky (weapon) {holy, rElec rF+}
   (You found it on level 2 of the Dungeon)

   rF:        It protects you from fire.
   rElec:     It insulates you from electricity.
Missiles
 f - a throwing net
 h - 32 poisoned darts
 p - 5 javelins
 D - 14 atropa-tipped darts
Armour
 x - a +1 chain mail of willpower (worn)
 E - a +0 pair of gloves (worn)
 M - an orb of wrath
 U - a +0 pair of boots (worn)
 Z - a +2 buckler (worn)
Jewellery
 a - a ring of protection from fire
 i - a +6 ring of dexterity
 j - a ring of see invisible (left hand)
 o - a +4 ring of slaying (right hand)
 w - a ring of wizardry
 P - a +6 ring of intelligence
 Q - a ring of poison resistance
 V - a ring of ice
 W - a ring of flight
 Y - a ring of wizardry
Wands
 e - a wand of iceblast (10) (quivered)
 A - a wand of light (4)
 N - a wand of flame (36)
 R - a wand of polymorph (8)
Scrolls
 g - 3 scrolls of vulnerability
 n - 13 scrolls of identify
 v - 2 scrolls of fog
 y - 3 scrolls of teleportation
 z - 5 scrolls of poison
 B - a scroll of butterflies
 F - 3 scrolls of magic mapping
 K - 5 scrolls of amnesia
 S - 3 scrolls of enchant weapon
Potions
 b - 3 potions of flight
 c - 3 potions of haste
 d - 3 potions of might
 k - 5 potions of curing
 l - 3 potions of mutation
 q - 5 potions of lignification
 r - 2 potions of cancellation
 s - a potion of heal wounds
 C - 5 potions of brilliance


   Skills:
 * Level 12.6 Fighting
 - Level 13.7(14.0) Axes
 + Level 4.0(9.8) Polearms
 + Level 1.1 Throwing
 * Level 14.7 Armour
 + Level 4.0 Dodging
 + Level 6.1 Stealth
 + Level 6.7 Shields
 + Level 0.3 Evocations


You had 11 spell levels left.
You didn't know any spells.
Your spell library contained the following spells:

 Spells                   Type           Power      Damage    Failure   Level
 Apportation              Tloc           0%         N/A       91%         1
 Beastly Appendage        Tmut           0%         N/A       91%         1
 Magic Dart               Conj           0%         1d3       91%         1
 Blink                    Tloc           0%         N/A       97%         2
 Ensorcelled Hibernation  Hex/Ice        0%         N/A       97%         2
 Lesser Beckoning         Tloc           0%         N/A       97%         2
 Momentum Strike          Conj/Tloc      0%         3d8       97%         2
 Passwall                 Tmut/Erth      0%         N/A       97%         2
 Scorch                   Fire           0%         2d5       97%         2
 Searing Ray              Conj           0%         2d4       97%         2
 Wereblood                Tmut           0%         N/A       97%         2
 Dazzling Flash           Conj/Hex       0%         N/A       100%        3
 Ignite Poison            Fire/Tmut/Pois 0%         N/A       100%        3
 Ozocubu's Armour         Ice            0%         N/A       100%        3
 Spider Form              Tmut/Pois      0%         N/A       100%        3
 Swiftness                Air            0%         N/A       100%        3
 Vhi's Electric Charge    Tloc/Air       0%         N/A       100%        3
 Volatile Blastmotes      Fire/Tloc      0%         2d10      100%        3
 Animate Armour           Summ/Erth      0%         N/A       100%        4
 Flame Wave               Conj/Fire      0%         2d4       100%        4
 Fulminant Prism          Conj/Hex       0%         3d5       100%        4
 Iskenderun's Mystic Bla  Conj/Tloc      0%         2d3       100%        4
 Sticky Flame             Conj/Fire      0%         2d3       100%        4
 Summon Lightning Spire   Summ/Air       0%         N/A       100%        4
 Alistair's Intoxication  Tmut/Pois      0%         N/A       100%        5
 Arcjolt                  Conj/Air       0%         1d10      100%        5
 Blade Hands              Tmut           0%         N/A       100%        5
 Metabolic Englaciation   Hex/Ice        0%         N/A       100%        5
 Iron Shot                Conj/Erth      0%         9d1       100%        6
 Plasma Beam              Fire/Air       0%         2x1d11    100%        6
 Simulacrum               Ice/Necr       0%         N/A       100%        6
 Starburst                Conj/Fire      0%         6d3       100%        6
 Summon Cactus Giant      Summ           0%         N/A       100%        6
 Storm Form               Tmut/Air       0%         N/A       100%        7
 Ignition                 Fire           0%         3d3       100%        8
 Maxwell's Capacitive Co  Air            0%         ∞         100%        8


Dungeon Overview and Level Annotations

Branches:
Dungeon (11/15)            Temple (1/1) D:6            Lair (2/5) D:11
 Spider (1/4) Lair:2
  Swamp: Lair:2-3    Shoals: Lair:2-3       Orc: D:9-12

Altars:
Ashenzari
Cheibriados
Dithmenos
Elyvilon
Fedhas
Gozag
Hepliaklqana
Kikubaaqudgha
Makhleb
Nemelex Xobeh
Okawaru
Qazlal
Ru
Sif Muna
Trog
Uskayaw
Vehumet
Wu Jian
Xom
Yredelemnul
Zin
The Shining One

Shops:
D:1 [   D:6 =   D:10 (

Annotations:
D:10 1 runed translucent door


Innate Abilities, Weirdness & Mutations

You have a pair of large horns on your head.
You reflexively headbutt those who attack you in melee.
You are weak. (Str -2)


Message History

Uskayaw links your audience in an emotional bond!
You hit the demonic crawler.
The demonic crawler convulses.
The demonic crawler is almost dead.
The demonic crawler hits you but does no damage. x2
You block the demonic crawler's attack.
The entropy weaver casts a spell at you.
The entropic weave corrodes you!
The entropy weaver casts a spell at something.
The entropic weave corrodes you!
You closely miss the demonic crawler.
Your headbutt misses the demonic crawler.
The demonic crawler is severely wounded.
The jumping spider leaps!
The demonic crawler hits you! You block the demonic crawler's attack.
The demonic crawler hits you!
The entropy weaver casts a spell at you.
The entropic weave corrodes you!
The jumping spider's wounds heal themselves!
You hit the demonic crawler but do no damage.
The demonic crawler is severely wounded.
The wolf spider is no longer sharing its pain.
The culicivora is no longer sharing its pain.
The jumping spider leaps!
The demonic crawler closely misses you. You furiously retaliate!
You headbutt the demonic crawler! The demonic crawler hits you!!
The demonic crawler hits you.
The entropy weaver casts a spell at you.
The entropic weave corrodes you!
There are monsters nearby!
The entropy weaver is no longer sharing its pain.
The demonic crawler is no longer sharing its pain.
The entropy weaver is no longer sharing its pain.
As you read the scroll of teleportation, it crumbles to dust.
You feel strangely unstable.
A wolf spider comes into view.
The demonic crawler hits you!
* * * LOW HITPOINT WARNING * * *
The demonic crawler hits you!
* * * LOW HITPOINT WARNING * * *
The demonic crawler barely misses you.
You block the demonic crawler's attack. x2
The demonic crawler hits you!!
You die...

#.# .. ~~~...# #.##. ~.~~s~#
#..## ...B~~# #... #+# s...~.~
#.. #.# s...... #.##
#.##Bs.^○.# #..## #.#B# #.#†##
#.#s# #.##.## #†#@# #..##.##
#.#.## #...##.#####.#..+
#....##^.....#.##
#.....#####.##.#
#.........#'##^#
#.........#†##.#
#.........#..†.#
###.........##################


You could see an entropy weaver, a demonic crawler, a culicivora, a pharaoh ant
and a jumping spider.

Vanquished Creatures
  An emperor scorpion (Spider:1)
  Fannar (D:11)
  A two-headed ogre (D:11)
  A skyshark (Lair:2)
  Amaemon (D:8)
  Pikel (D:6)
  An ugly thing (D:11)
  5 wolf spiders (Spider:1)
  A cyclops (D:7)
  Maurice (D:8)
  2 cane toads
  Joseph (D:8)
  An orange demon (D:8)
  2 unseen horrors
  Maggie (Lair:1)
  A demonic crawler (Spider:1)
  Psyche (D:11)
  2 komodo dragons
  A kobold demonologist (D:11)
  2 trolls
  A polar bear (D:11)
  Grinder (D:5)
  Prince Ribbit (D:5)
  A hornet (D:9)
  4 blink frogs (Lair:2)
  2 tarantellas (Spider:1)
  2 jumping spiders (Spider:1)
  2 wraiths
  2 wyverns
  2 culicivoras (Spider:1)
  Sigmund (D:2)
  13 yaks
  2 basilisks (Lair:2)
  5 redbacks (Spider:1)
  2 steam dragons
  10 water moccasins
  3 ice beasts
  A sky beast (D:7)
  11 orc warriors
  2 black bears
  6 ogres
  5 wolves (Lair:1)
  3 centaurs
  2 kobold brigands
  6 bullfrogs
  2 scorpions
  4 gnoll sergeants
  4 wights (D:6)
  13 killer bees
  5 howler monkeys
  2 electric eels (Lair:2)
  4 crimson imps (D:3)
  2 hounds
  A jelly (D:7)
  Crazy Yiuf (D:2)
  A gnoll bouda (D:4)
  10 orc priests
  7 iguanas
  2 sleepcaps
  16 orc wizards
  7 hell rats (Lair:2)
  Robin (D:2)
  17 gnolls
  5 adders
  2 shadow imps (D:6)
  3 white imps (D:7)
  An ufetubus (D:5)
  2 adder zombies (D:3)
  2 dart slugs
  A worm (D:3)
  32 orcs
  7 endoplasms
  5 giant cockroaches
  12 goblins
  9 hobgoblins
  2 jackals (D:1)
  19 kobolds
  2 quokkas
  9 ball pythons
  4 bats
  19 frilled lizards
  6 rats
359 creatures vanquished.

Vanquished Creatures (others)
  A yak (D:7)
  7 fungi (Lair:2)
  15 plants
23 creatures vanquished.

Grand Total: 382 creatures vanquished

Notes
Turn   | Place    | Note
-------+----------+-------------------------------------------
     0 | D:1      | jhant the Minotaur Fighter began the quest for the Orb.
     0 | D:1      | Reached XP level 1. HP: 19/19 MP: 0/0
   237 | D:1      | Reached skill level 4 in Armour
   246 | D:1      | Found Hoptexti's Antique Armour Shoppe.
   262 | D:1      | Reached XP level 2. HP: 21/27 MP: 1/1
  1569 | D:2      | Reached XP level 3. HP: 33/33 MP: 2/2
  1579 | D:2      | Identified the +9 hand axe of Zoky {holy, rElec rF+}
  1611 | D:2      | Found a runed translucent door.
  1612 | D:2      | Noticed Crazy Yiuf
  1636 | D:2      | Gained mutation: You are dopey. (Int -2) [potion of
                  | mutation]
  1636 | D:2      | Gained mutation: You expend magic power (3 MP) to
                  | strengthen your wands. [potion of mutation]
  1636 | D:2      | Gained mutation: You are very dopey. (Int -4) [potion of
                  | mutation]
  1637 | D:2      | Lost mutation: You expend magic power (3 MP) to strengthen
                  | your wands. [potion of mutation]
  1637 | D:2      | Lost mutation: You are very dopey. (Int -4) [potion of
                  | mutation]
  1637 | D:2      | Lost mutation: You are dopey. (Int -2) [potion of mutation]
  1637 | D:2      | Gained mutation: You have a pair of large horns on your
                  | head. [potion of mutation]
  1637 | D:2      | Gained mutation: You are weak. (Str -2) [potion of
                  | mutation]
  1705 | D:2      | Noticed Robin
  1730 | D:2      | Killed Robin
  2022 | D:2      | Noticed Sigmund
  2030 | D:2      | Killed Sigmund
  2031 | D:2      | Reached skill level 5 in Armour
  2031 | D:2      | Reached skill level 1 in Dodging
  2031 | D:2      | Reached XP level 4. HP: 19/40 MP: 3/3
  2031 | D:2      | Reached XP level 5. HP: 22/46 MP: 4/4
  2292 | D:2      | Killed Crazy Yiuf
  2410 | D:3      | Reached XP level 6. HP: 46/52 MP: 5/5
  2427 | D:3      | Found a hide-covered altar of Uskayaw.
  2437 | D:3      | Became a worshipper of Uskayaw the Reveller
  2484 | D:3      | Reached * piety under Uskayaw
  2606 | D:3      | Found an iron altar of Okawaru.
  3038 | D:3      | Found a shimmering altar of Xom.
  3042 | D:3      | Reached ** piety under Uskayaw
  3045 | D:3      | Reached *** piety under Uskayaw
  3046 | D:3      | Reached **** piety under Uskayaw
  3050 | D:3      | Reached ***** piety under Uskayaw
  3051 | D:3      | Reached skill level 5 in Axes
  3464 | D:3      | Found a basalt altar of Yredelemnul.
  3839 | D:3      | Identified a scroll of acquirement
  3839 | D:3      | Acquired a +6 ring of dexterity
  4112 | D:3      | Identified the staff of earth "Tyjic" {rPois}
  4568 | D:4      | Reached XP level 7. HP: 60/60 MP: 6/6
  5952 | D:4      | Reached skill level 6 in Armour
  5952 | D:4      | Reached skill level 1 in Stealth
  6122 | D:5      | Entered Level 5 of the Dungeon
  6200 | D:5      | Reached XP level 8. HP: 56/67 MP: 7/7
  6225 | D:5      | Reached skill level 7 in Armour
  6231 | D:5      | Reached skill level 5 in Fighting
  6648 | D:5      | Noticed Prince Ribbit
  6673 | D:5      | Killed Prince Ribbit
  7062 | D:5      | Noticed Grinder
  7075 | D:5      | Killed Grinder
  7323 | D:1      | Bought a shiny chain mail for 187 gold pieces
  7505 | D:6      | Noticed Pikel
  7683 | D:6      | Reached skill level 8 in Armour
  7798 | D:6      | Found Vodghi Dysok's One-of-a-Kind Rings.
  7844 | D:6      | Found a staircase to the Ecumenical Temple.
  7850 | D:6      | Reached XP level 9. HP: 75/75 MP: 8/8
  7965 | Temple   | Entered the Ecumenical Temple
  8363 | D:6      | Found a glowing golden altar of the Shining One.
  8379 | D:6      | Reached skill level 10 in Axes
  8588 | D:6      | Killed Pikel
  8706 | D:6      | Reached skill level 9 in Armour
  9985 | D:7      | Found a burning altar of Makhleb.
 10113 | D:7      | Found an ornate altar of the Wu Jian Council.
 10147 | D:7      | Reached XP level 10. HP: 86/86 MP: 9/9
 10296 | D:7      | Found a hazy altar of Hepliaklqana.
 10407 | D:7      | Reached skill level 10 in Armour
 10407 | D:7      | Noticed a cyclops
 10436 | D:7      | Killed a cyclops
 11018 | D:8      | Noticed Amaemon
 11019 | D:8      | Noticed an orange demon
 11039 | D:8      | Killed Amaemon
 11105 | D:8      | Noticed Maurice
 11114 | D:8      | Killed Maurice
 11301 | D:8      | Reached skill level 11 in Armour
 11780 | D:8      | Noticed Joseph
 11789 | D:8      | Killed Joseph
 11836 | D:8      | Killed an orange demon
 12261 | D:8      | Reached XP level 11. HP: 92/95 MP: 10/10
 13804 | D:10     | Entered Level 10 of the Dungeon
 13938 | D:10     | Reached skill level 5 in Shields
 14298 | D:10     | Found a broken altar of Ashenzari.
 14399 | D:10     | Found Zinkamy's Weapon Shoppe.
 14461 | D:10     | Found a runed translucent door.
 14779 | D:11     | Noticed a two-headed ogre
 14790 | D:11     | Killed a two-headed ogre
 14791 | D:11     | Reached skill level 12 in Armour
 15039 | D:11     | Identified the +5 hand axe of the Jolly Servitors {chaos,
                  | SInv}
 15046 | D:11     | Noticed a cyan ugly thing
 15054 | D:11     | Killed a cyan ugly thing
 15055 | D:11     | Reached skill level 10 in Fighting
 15510 | D:11     | Noticed Psyche
 15518 | D:11     | Killed Psyche
 16160 | D:11     | Found a staircase to the Lair.
 16172 | Lair:1   | Entered Level 1 of the Lair of Beasts
 16200 | Lair:1   | Reached ****** piety under Uskayaw
 16201 | Lair:1   | Noticed Maggie
 16206 | Lair:1   | Reached skill level 13 in Armour
 16211 | Lair:1   | Killed Maggie
 16212 | Lair:1   | Reached skill level 5 in Stealth
 16214 | Lair:1   | Noticed Fannar
 16229 | Lair:1   | HP: 3/101 [polar bear (3)]
 16242 | D:11     | Killed Fannar
 16243 | D:11     | Reached XP level 12. HP: 25/110 MP: 11/11
 17565 | Lair:2   | Found a hole to the Spider Nest.
 17897 | Lair:2   | Reached skill level 14 in Armour
 18133 | Spider:1 | Entered Level 1 of the Spider Nest
 18284 | Spider:1 | Noticed an emperor scorpion
 18311 | Spider:1 | Killed an emperor scorpion
 18759 | Spider:1 | Reached skill level 1 in Throwing
 18990 | Spider:1 | Noticed an entropy weaver
 18991 | Spider:1 | Noticed an entropy weaver
 18996 | Spider:1 | Noticed an entropy weaver
 19005 | Spider:1 | HP: 2/113 [demonic crawler (16)]
 19005 | Spider:1 | Demolished by a demonic crawler

Illustrated notes

Levels and vault maps discovered:
D:1:      minmay_arrival_three_doors, layout_basic, serial_shops,
          shop_fountains, minmay_lizard_pond
D:2:      layout_rooms, serial_curves, eino_curves_03, eino_curves_03,
          eino_curves_01, uniq_sigmund, uniq_robin, uniq_crazy_yiuf_cottage
D:3:      minmay_octagon_keep, layout_basic, lemuel_zombie_altar_yredelemnul,
          led_xom_imps, nicolae_uskayaw_suspiria, general_overflow_altar
D:4:      layout_basic, minmay_lizard_king
D:5:      layout_loops_ring, uniq_grinder, uniq_prince_ribbit1
D:6:      layout_loops_corners, mainiacjoe_overflow_small_starburst,
          minmay_temple_entry_purple_smoke, serial_co_window_serial,
          co_window_corner_a, co_window_of_opportunity_a, co_window_paths_b,
          co_window_corner_a, co_window_paths_a, co_window_paths_b,
          co_window_paths_a, co_window_broadway_b, co_window_corner_cb,
          co_window_paths_c, co_window_cross_2, co_window_paths_c,
          glass_columns_a, glass_columns_b, chequers_serial_rivers_large_a,
          nicolae_shop_unique_rings, uniq_pikel, uniq_edmund
D:7:      cheibrodos_fzero, layout_rooms, mainiacjoe_overflow_paths,
          mainiacjoe_overflow_swirl, amcnicky_mini_pool_small,
          nicolae_fountain_basement
D:8:      layout_basic, serial_aquarium, aquarium_bridge_square
          [aquarium_subvault_window, aquarium_subvault_window,
          aquarium_subvault_bridge, aquarium_subvault_bridge],
          aquarium_bridge_long_separate [aquarium_subvault_wall,
          aquarium_subvault_bridge, aquarium_subvault_wall,
          aquarium_subvault_bridge, aquarium_subvault_bridge,
          aquarium_subvault_wall], aquarium_window_3, aquarium_window_2,
          aquarium_window_1, aquarium_window_corner, aquarium_view_2b,
          aquarium_view_2d, aquarium_balcony_1a, hangedman_decor_push,
          nicolae_fountain_basement, uniq_maurice, uniq_joseph, uniq_amaemon
D:9:      layout_rooms
D:10:     layout_roguey, mainiacjoe_overflow_cross_hatched,
          ebering_ghost_reflecting_pool, serial_shops,
          nicolae_shop_advertising_works [nicolae_subvault_shop_adworks],
          roderic_roman_lattice
D:11:     layout_loops_corners, lair_entry_dummy, david_orc_5, uniq_psyche
Temple:   nicolae_temple_god_jail
Lair:1:   layout_layer_cave, uniq_maggie, uniq_fannar
Lair:2:   layout_regular_city, dummy_spider_entry, disabler_island
Spider:1: spider_temple_joshua, nicolae_spider_wall_of_niches, uniq_louise

Skill      XL: |  1  2  3  4  5  6  7  8  9 10 11 12 |
---------------+-------------------------------------+-----
Armour         | 4 5 6 8 9 11 13 14 | 14.7
Shields        | 4 5 6 |  6.7
Polearms       | 4 |  4.0
Fighting       | 4 5 7 8 11 12 | 12.6
Axes           | 3 5 7 9 11 12 13 | 13.7
Dodging        | 1 2 3 4 |  4.0
Stealth        | 1 2 3 5 6 |  6.1
Throwing       | 1 |  1.1
Evocations     | |  0.3

Action                     |  1- 3 |  4- 6 |  7- 9 | 10-12 || total
---------------------------+-------+-------+-------+-------++-------
  Melee: Trident           |    65 |       |       |       ||    65
         Headbutt          |     7 |     5 |    28 |   107 ||   147
         Hand axe          |    41 |    57 |   165 |   446 ||   709
  Throw: Throwing net      |       |       |     3 |       ||     3
         Javelin           |       |       |       |     4 ||     4
 Invoke: Line Pass         |       |       |     2 |     1 ||     3
  Evoke: Wand              |       |       |       |     3 ||     3
    Use: Potion            |     5 |     2 |     4 |     3 ||    14
         Scroll            |     1 |     7 |     5 |     7 ||    20
   Stab: Paralysed         |       |     1 |     7 |    31 ||    39
         Held in net/web   |       |       |     1 |       ||     1
         Distracted        |       |       |       |     1 ||     1
 Armour: Scale mail        |    40 |    15 |    16 |       ||    71
         Chain mail        |       |       |    19 |   184 ||   203
  Dodge: Dodged            |    35 |    15 |    40 |   129 ||   219
  Block: Buckler           |    15 |     3 |    19 |   116 ||   153
